 Dungeon Crawl Stone Soup version 0.25-a0-100-g33052ceff8 (webtiles) character file.

Game seed: 7129673825447349620, levelgen mode: deterministic

3 vurker the Magician (level 1, -3/13 HPs)
             Began as a Mummy Fire Elementalist on Nov 14, 2019.
             Slain by a hobgoblin
             ... wielding a +0 club
              (4 damage)
             ... on level 1 of the Dungeon.
             The game lasted 00:00:31 (57 turns).

vurker the Magician (Mummy Fire Elementalist)         Turns: 57, Time: 00:00:32

Health: -3/13      AC:  2    Str: 11    XL:     1   Next: 41%
Magic:  0/4        EV: 12    Int: 14    God:
Gold:   13         SH:  0    Dex: 12    Spells: 4/5 levels left

rFire    x . .     SeeInvis .   (no weapon)
rCold    + . .     Gourm    .   (no shield)
rNeg     + + +     Faith    .   a - +0 robe
rPois    ∞         Spirit   .   (no helmet)
rElec    .         Reflect  .   (no cloak)
rCorr    .         Harm     .   (no gloves)
MR       .....                  (no boots)
Stlth    ++........             (no amulet)
HPRegen  0.04/turn              (no ring)
MPRegen  0.09/turn              (no ring)

@: no status effects
A: no food or potions, fire vulnerability, cold resistance 1, negative energy
resistance 3, torment resistance, unbreathing
a: no special abilities


You were on level 1 of the Dungeon.
You were not hungry.

You visited 1 branch of the dungeon, and saw 1 of its levels.

You collected 13 gold pieces.

Inventory:

Armour
 a - a +0 robe (worn)


   Skills:
 + Level 0.1 Fighting
 - Level 1.5 Dodging
 - Level 1.5 Stealth
 * Level 2.8 Spellcasting
 * Level 0.9 Conjurations
 * Level 2.4 Fire Magic


You had 4 spell levels left.
You knew the following spells:

 Your Spells              Type           Power        Failure   Level  Hunger
a - Flame Tongue          Conj/Fire      #....        11%         1    N/A

Your spell library contained the following spells:

 Spells                   Type           Power        Failure   Level  Hunger
 Throw Flame              Conj/Fire      #.....       17%         2    N/A
 Conjure Flame            Conj/Fire      #.......     32%         3    N/A
 Inner Flame              Hex/Fire       #.......     36%         3    N/A
 Sticky Flame             Conj/Fire      #.......     73%         4    N/A
 Fireball                 Conj/Fire      #.........   97%         5    N/A

Dungeon Overview and Level Annotations

Branches:
Dungeon (1/15)

Altars:


Innate Abilities, Weirdness & Mutations

You do not eat or drink.
Your flesh is vulnerable to fire.
You are immune to poison.
Your flesh is cold resistant. (rC+)
You are immune to negative energy. (rN+++)
You are immune to unholy pain and torment.
You can survive without breathing.


Message History

You hit the kobold but do no damage. The ball python barely misses you.
The ball python grabs you.
* * * LOW HITPOINT WARNING * * *
The ball python constricts you. The kobold hits you with a +0 club.
* * * LOW HITPOINT WARNING * * *
You barely miss the kobold. The ball python closely misses you.
The ball python constricts you.
You hit the kobold. The kobold hits you but does no damage.
The ball python bites you but does no damage.
* * * LOW HITPOINT WARNING * * *
The ball python constricts you.
You hit the kobold.
You kill the kobold!
The ball python bites you but does no damage.
The ball python constricts you. The dart slug launches a dart at you.
The slug dart misses you.
You escape the ball python's grasp.
Things that are here:
a +0 club; a kobold corpse The dart slug closely misses you.
There is a large open door here.
A hobgoblin comes into view. It is wielding a +0 club.
There is a large open door here.
The hobgoblin shouts!
The ball python closely misses you. x2
The hobgoblin hits you but does no damage.
A goblin comes into view.
The goblin shouts!
You see here a stone.
Found 10 gold pieces.
The ball python barely misses you. The ball python closely misses you.
Found 6 gold pieces.
A bat comes into view.
A rat comes into view.
The bat closely misses you. The ball python closely misses you. x2
Found a large shield.
Aim: a ball python The flame tongue hits the ball python.
You kill the ball python!
The bat hits you but does no damage. The hobgoblin barely misses you.
Aim: a hobgoblin, wielding a +0 club The flame tongue hits the hobgoblin.
The bat closely misses you. The goblin barely misses you.
You don't have enough magic to cast that spell.
Unknown command.
The bat hits you.
* * * LOW HITPOINT WARNING * * *
The bat completely misses you. The hobgoblin hits you with a +0 club.
You die...

.............
.......[...
.......r. .......
.. ## #.$...
#.##. #.#..
#....###.$.#
##.......g@####
.......Kgb##<.#
.........###''###
........##...((.#
........##.≈§≈≈.#
........##.≈≈§§.#
........##...§§.#
....?....###''###
.........(##wK#


You could see a hobgoblin, a goblin, a bat, a kobold and a rat (sleeping).

Vanquished Creatures
  A giant cockroach (D:1)
  A kobold (D:1)
  A ball python (D:1)
3 creatures vanquished.

Notes
Turn   | Place    | Note
-------+----------+-------------------------------------------
     0 | D:1      | vurker the Mummy Fire Elementalist began the quest for the
                  | Orb.
     0 | D:1      | Reached XP level 1. HP: 13/13 MP: 4/4
    57 | D:1      | Slain by a hobgoblin

Levels and vault maps discovered:
D:1:      lightli_arrival_lavapool, layout_rooms

Action                   || total
-------------------------++-------
Melee: Unarmed           ||     6
 Cast: Flame Tongue      ||     7
Armor: Robe              ||     8
Dodge: Dodged            ||    29

Table legend:
 A = Non-vault XP
 B = Vault XP
 C = Vault XP percentage of total XP
 D = Non-vault monster count
 E = Vault monster count
 F = Vault count percentage of total count
                 A         B        C        D         E       F
            +---------+---------+-------+---------+---------+-------
      Total |       5 |       0 |   0.0 |       3 |       0 |   0.0
            +---------+---------+-------+---------+---------+-------
        D:1 |       5 |       0 |   0.0 |       3 |       0 |   0.0
            +---------+---------+-------+---------+---------+-------
